 Dungeon Crawl Stone Soup version 0.21.1-1-g345015f (webtiles) character file.

1578 Limpidissima the Fighter (level 8, -6/78 HPs)
             Began as a Minotaur Berserker on July 30, 2018.
             Was an Elder of Trog.
             Killed by divine providence
             ... invoked by an orc priest
              (9 damage)
             ... on level 5 of the Dungeon.
             The game lasted 00:15:10 (3814 turns).

Limpidissima the Fighter (Minotaur Berserker)       Turns: 3814, Time: 00:15:11

Health: -6/78      AC: 12    Str: 23    XL:     8   Next: 60%
Magic:  7/7        EV: 11    Int:  7    God:    Trog [****..]
Gold:   43         SH:  0    Dex: 11    Spells: 7/7 levels left

rFire    . . .     SeeInvis .   a - +0 mace
rCold    . . .     Gourm    .   (no shield)
rNeg     . . .     Faith    .   h - +1 ring mail (curse)
rPois    .         Spirit   .   (helmet restricted)
rElec    .         Reflect  .   (no cloak)
rCorr    .         Harm     .   (no gloves)
MR       .....                  d - +0 pair of boots
Stlth    +.........             (no amulet)
HPRegen  0.23/turn              n - +3 ring of intelligence
MPRegen  0.10/turn              (no ring)

@: berserk cooldown, slowed, very slow
A: retaliatory headbutt, horns 2, icy blue scales 1, shaggy fur 1
a: Berserk, Trog's Hand, Brothers in Arms, Burn Spellbooks, Renounce Religion


You were on level 5 of the Dungeon.
You worshipped Trog.
Trog was greatly pleased with you.
You were not hungry.

You visited 1 branch of the dungeon, and saw 5 of its levels.

You collected 218 gold pieces.
You spent 175 gold pieces at shops.

Inventory:

Hand Weapons
 a - a +0 mace (weapon)
 s - a +1 giant club
Armour
 b - a +0 buckler
 d - a +0 pair of boots (worn)
 g - a +0 ring mail
 h - a cursed +1 ring mail (worn)
 t - a +3 scale mail of cold resistance
Magical Staves
 f - an uncursed staff of fire {unknown}
Jewellery
 n - a +3 ring of intelligence (left hand)
Scrolls
 i - 3 scrolls of enchant weapon
 j - 2 scrolls of immolation
 k - 2 scrolls of fear
 o - 2 scrolls of enchant armour
 q - a scroll of noise {unknown}
 r - a scroll of teleportation
 u - a scroll of identify
Potions
 l - 2 potions of curing {unknown}
 m - 2 potions of berserk rage
 v - a potion of brilliance {unknown}
Comestibles
 c - 7 rations


   Skills:
 + Level 9.0 Fighting
 + Level 8.0 Maces & Flails
 + Level 7.5 Armour
 - Level 2.1 Dodging


You had 7 spell levels left.
You didn't know any spells.

Dungeon Overview and Level Annotations

Branches:
Dungeon (5/15)
 Temple: D:4-7

Altars:
Elyvilon
Fedhas
Kikubaaqudgha
Nemelex Xobeh
Sif Muna
Yredelemnul

Shops:
D:4 (*[!


Innate Abilities, Weirdness & Mutations

You reflexively headbutt those who attack you in melee.
You have a pair of horns on your head.
You are partially covered in icy blue scales. (AC +2)
You are covered in fur. (AC +1)


Message History

Trog accepts your kill.
The orc priest calls down the wrath of Beogh upon you.
Pain shoots through your body!
* * * LOW HITPOINT WARNING * * *
The orc priest casts a cantrip, but nothing happens.
The orc priest looks satisfied for a moment.
Items here: ( )))))) [[[[ †††
Items here: ( ) [ † 2 tomahawks; a halberd; a chain mail; an orc corpse You hit the orc priest.
The orc priest is lightly wounded.
The orc priest calls down the wrath of Beogh upon you.
Beogh smites you!
* * * LOW HITPOINT WARNING * * *
The orc priest hits you but does no damage.
You hit the orc priest.
The orc priest is lightly wounded.
The orc priest mumbles some strange prayers to Beogh against you.
Beogh smites you!
You die...

#.####.# #.#
#.......#
#......#####.##.
#.8oo.8.#
#..###..........
...o... #..#
#.....^....
#.....#
#..###.#####.###
#8...8
###....(.......#
#...
#.)....#########
#'####)######
#.))oo@#
########


You could see an orc priest and an orc.

Vanquished Creatures
  The ghost of shugdite the Slasher, an amateur MiFi (D:3)
  An ogre (D:4)
  2 phantoms
  3 orc warriors (D:5)
  A sky beast (D:5)
  A necrophage (D:4)
  2 crimson imps (D:5)
  An orc priest (D:5)
  A jelly (D:3)
  A bullfrog skeleton (D:5)
  9 orc wizards
  3 worker ants (D:4)
  5 adders
  An ooze (D:1)
  2 adder skeletons (D:4)
  An adder zombie (D:5)
  2 worms (D:2)
  A leopard gecko (D:1)
  34 orcs
  3 giant cockroaches
  4 goblins
  7 hobgoblins
  3 jackals (D:3)
  3 kobolds (D:1)
  2 quokkas
  2 ball pythons (D:4)
  7 bats
  5 frilled lizards
  A leopard gecko skeleton (D:4)
  3 rats
112 creatures vanquished.

Notes
Turn   | Place    | Note
-------+----------+-------------------------------------------
     0 | D:1      | Limpidissima the Minotaur Berserker began the quest for the Orb.
     0 | D:1      | Reached XP level 1. HP: 19/19 MP: 0/0
   115 | D:1      | Reached skill level 4 in Fighting
   212 | D:1      | Reached XP level 2. HP: 27/27 MP: 1/1
   858 | D:2      | Reached XP level 3. HP: 25/34 MP: 2/2
   900 | D:2      | Found a sparkling altar of Nemelex Xobeh.
  1008 | D:2      | Found an ancient bone altar of Kikubaaqudgha.
  1010 | D:2      | Found a blossoming altar of Fedhas.
  1024 | D:2      | Reached ** piety under Trog
  1354 | D:3      | Noticed shugdite's ghost (amateur MiFi)
  1367 | D:3      | Killed shugdite's ghost
  1367 | D:3      | Reached skill level 6 in Fighting
  1367 | D:3      | Reached skill level 5 in Maces & Flails
  1367 | D:3      | Reached XP level 4. HP: 32/44 MP: 3/3
  1367 | D:3      | Reached XP level 5. HP: 36/50 MP: 4/4
  1557 | D:3      | Reached XP level 6. HP: 58/58 MP: 5/5
  1719 | D:3      | Found a deep blue altar of Sif Muna.
  2231 | D:4      | Reached skill level 7 in Fighting
  2247 | D:4      | Reached skill level 5 in Armour
  2379 | D:4      | Reached XP level 7. HP: 60/66 MP: 6/6
  2621 | D:4      | Reached *** piety under Trog
  2649 | D:4      | Found Ypluh's Antique Armour Boutique.
  2655 | D:4      | Found Xudem's Weapon Boutique.
  2656 | D:4      | Found Kuem's Distillery.
  2657 | D:4      | Found Giyfa's General Store.
  2835 | D:4      | Bought a glowing scale mail for 175 gold pieces
  2842 | D:4      | Gained mutation: You tend to lose your temper in combat. [potion of mutation]
  2842 | D:4      | Lost mutation: You tend to lose your temper in combat. [potion of mutation]
  2842 | D:4      | Gained mutation: Your flesh is cold resistant. (rC+) [potion of mutation]
  2843 | D:4      | Lost mutation: Your flesh is cold resistant. (rC+) [potion of mutation]
  2843 | D:4      | Gained mutation: You are partially covered in icy blue scales. (AC +2) [potion of mutation]
  2843 | D:4      | Gained mutation: You are covered in fur. (AC +1) [potion of mutation]
  2910 | D:4      | Found a basalt altar of Yredelemnul.
  3063 | D:4      | Found a white marble altar of Elyvilon.
  3266 | D:4      | Reached skill level 8 in Fighting
  3298 | D:5      | Entered Level 5 of the Dungeon
  3359 | D:5      | Reached XP level 8. HP: 44/74 MP: 7/7
  3591 | D:5      | Found a runed door.
  3731 | D:5      | Reached **** piety under Trog
  3793 | D:5      | Reached skill level 9 in Fighting
  3813 | D:5      | HP: 2/78 [orc priest/divine providence (13)]
  3814 | D:5      | Killed from afar by an orc priest

Skill      XL: |  1  2  3  4  5  6  7  8 |
---------------+-------------------------+-----
Fighting       | 4 6 7 8 9 |  9.0
Maces & Flails | 4 5 6 8 |  8.0
Armour         | 3 4 5 6 7 |  7.5
Dodging        | |  2.1

Action                   |  1- 3 |  4- 6 |  7- 9 || total
-------------------------+-------+-------+-------++-------
Melee: Mace              |    65 |    90 |   155 ||   310
       Headbutt          |    10 |    16 |    32 ||    58
Invok: Berserk           |     1 |       |     4 ||     5
  Use: Scroll            |     3 |       |     6 ||     9
       Potion            |       |       |     3 ||     3
  Eat: Chunk             |     1 |     1 |     6 ||     8
       Ration            |       |     1 |     1 ||     2
Armor: Animal skin       |     1 |       |       ||     1
       Ring mail         |    18 |    32 |    73 ||   123
Dodge: Dodged            |    46 |    72 |    74 ||   192
